[ AOE2 MATCH · #460583456 ]
UnrankedDravidians vs Teutons
[ REPLAY ANALYSIS · EXTRACTED FROM THE RECORDED GAME ]
Feudal
11:39
Castle
21:20
Imperial
34:07
| APM avg | 15.7 |
| APM peak | 78 |
| eAPM avg | 12.5 |
| Villagers / military | 148 / 1769 |
Focus
⚔️ 56.7% · 🌾 43.3%
Elephant Archer ×1093 · Spearman ×255 · Bombard Cannon ×172 · Armored Elephant ×105 · Trade Cart ×95 · Battle Elephant ×94
Feudal
13:26
Castle
18:11
Imperial
36:33
| APM avg | 20.9 |
| APM peak | 57 |
| eAPM avg | 18.3 |
| Villagers / military | 210 / 1511 |
Focus
⚔️ 44.9% · 🌾 55.1%
Battle Elephant ×1280 · Ballista Elephant ×163 · Trade Cart ×119 · Battering Ram ×50 · Trebuchet (Packed) ×18
Feudal
11:52
Castle
15:36
Imperial
32:09
| APM avg | 21.7 |
| APM peak | 71 |
| eAPM avg | 18.5 |
| Villagers / military | 189 / 2130 |
Focus
⚔️ 46.6% · 🌾 53.4%
Monaspa ×956 · Mangonel ×578 · Knight ×270 · Cavalry Archer ×210 · Trade Cart ×111 · Scout Cavalry ×80
Feudal
12:23
Castle
16:46
Imperial
30:56
| APM avg | 24.6 |
| APM peak | 126 |
| eAPM avg | 16.9 |
| Villagers / military | 212 / 1591 |
Focus
⚔️ 45.3% · 🌾 54.7%
Knight ×1197 · Conquistador ×290 · Trade Cart ×106 · Bombard Cannon ×72 · Battering Ram ×25 · Fishing Ship ×12
Feudal
—
Castle
—
Imperial
—
| APM avg | 943.2 |
| APM peak | 3180 |
| eAPM avg | 942.0 |
| Villagers / military | 0 / 4102 |
Focus
⚔️ 50.4% · 🌾 49.6%
Teutonic Knight ×993 · Spearman ×942 · Knight ×930 · Scout Cavalry ×605 · Skirmisher ×231 · Bombard Cannon ×113
Feudal
—
Castle
—
Imperial
—
| APM avg | 1069.1 |
| APM peak | 8804 |
| eAPM avg | 1067.3 |
| Villagers / military | 0 / 4108 |
Focus
⚔️ 42.6% · 🌾 57.4%
Woad Raider ×1468 · Scout Cavalry ×1133 · Spearman ×1097 · Skirmisher ×227 · Battering Ram ×66 · Mangonel ×58
Feudal
—
Castle
—
Imperial
—
| APM avg | 857.3 |
| APM peak | 4182 |
| eAPM avg | 856.0 |
| Villagers / military | 0 / 3360 |
Focus
⚔️ 48.1% · 🌾 51.9%
Knight ×1008 · Spearman ×852 · Scout Cavalry ×748 · Hand Cannoneer ×229 · Bombard Cannon ×181 · Battering Ram ×147
Feudal
—
Castle
—
Imperial
—
| APM avg | 873.0 |
| APM peak | 3220 |
| eAPM avg | 871.4 |
| Villagers / military | 0 / 3518 |
Focus
⚔️ 59.1% · 🌾 40.9%
Ratha (Ranged) ×1087 · Spearman ×695 · Battle Elephant ×537 · Elite Battle Elephant ×537 · Scout Cavalry ×456 · Mangonel ×109
Match map
Initial resources + every placement click. Lines = walls · curves = elevation contours. ◆ gold · ⬟ stone · ● berries · ✦ relic · ◌ wall gap
Inputs per minute
— 哥刀一出血流成河 - - eots.one
Build order — 哥刀一出血流成河
First 150 of 757 actions detected
| 0:04 | Create | Villager (Male) ×4 |
| 0:08 | Build | House |
| 0:10 | Build | House |
| 0:15 | Build | House |
| 1:09 | Build | Lumber Camp |
| 1:35 | Build | Palisade Wall |
| 1:36 | Build | Palisade Wall |
| 1:48 | Create | Villager (Male) |
| 2:39 | Create | Villager (Male) |
| 2:39 | Create | Villager (Male) |
| 3:08 | Create | Villager (Male) |
| 3:09 | Create | Villager (Male) |
| 4:02 | Create | Villager (Male) |
| 4:02 | Create | Villager (Male) |
| 4:39 | Create | Villager (Male) |
| 5:29 | Create | Villager (Male) |
| 5:30 | Create | Villager (Male) |
| 6:17 | Create | Villager (Male) |
| 6:17 | Create | Villager (Male) |
| 6:28 | Build | Palisade Wall |
| 6:28 | Build | Palisade Wall |
| 6:54 | Build | Mill |
| 7:01 | Create | Villager (Male) |
| 7:02 | Create | Villager (Male) |
| 7:44 | Create | Villager (Male) |
| 7:44 | Create | Villager (Male) |
| 8:49 | Build | Palisade Wall |
| 8:49 | Build | Palisade Wall |
| 8:56 | Create | Villager (Male) |
| 9:23 | Build | Mining Camp |
| 9:29 | Research | Feudal Age |
| 11:39 | Age | Feudal Age |
| 11:39 | Create | Villager (Male) |
| 11:39 | Create | Villager (Male) |
| 11:50 | Build | Stone Wall |
| 11:51 | Build | Stone Wall |
| 12:02 | Build | Mining Camp |
| 12:16 | Create | Villager (Male) |
| 12:17 | Create | Villager (Male) |
| 12:24 | Research | Double-Bit Axe |
| 12:28 | Research | Horse Collar |
| 12:40 | Build | Farm |
| 12:41 | Build | Farm |
| 12:42 | Build | Farm |
| 12:43 | Build | Farm |
| 12:44 | Build | Farm |
| 13:06 | Build | Dock |
| 13:23 | Create | Villager (Male) |
| 13:23 | Create | Villager (Male) |
| 13:32 | Create | Villager (Male) |
| 13:32 | Create | Villager (Male) |
| 14:13 | Build | Stone Wall |
| 14:14 | Build | Stone Wall |
| 14:25 | Build | Mill |
| 14:43 | Create | Fishing Ship |
| 14:44 | Create | Fishing Ship |
| 14:44 | Create | Fishing Ship |
| 14:51 | Create | Villager (Male) |
| 14:51 | Create | Villager (Male) |
| 15:08 | Build | Stone Wall |
| 15:09 | Build | Stone Wall |
| 16:07 | Create | Villager (Male) |
| 16:11 | Create | Fishing Ship |
| 16:11 | Create | Fishing Ship |
| 17:00 | Create | Villager (Male) |
| 17:01 | Create | Villager (Male) |
| 17:01 | Create | Villager (Male) |
| 17:11 | Build | Market |
| 17:21 | Build | Blacksmith |
| 17:45 | Build | Farm |
| 17:46 | Build | Farm |
| 17:47 | Build | Farm |
| 17:48 | Build | Farm |
| 17:55 | Create | Villager (Male) |
| 18:05 | Build | Stone Wall |
| 18:05 | Build | Stone Wall |
| 18:30 | Research | Castle Age |
| 18:43 | Build | Stone Wall |
| 18:43 | Build | Stone Wall |
| 19:02 | Research | Stone Mining |
| 19:05 | Research | Gold Mining |
| 19:36 | Create | Villager (Male) |
| 19:36 | Create | Villager (Male) |
| 20:37 | Build | Stone Wall |
| 20:37 | Build | Stone Wall |
| 21:20 | Age | Castle Age |
| 21:24 | Build | Town Center |
| 21:34 | Build | Town Center |
| 21:49 | Research | Bow Saw |
| 22:05 | Create | Fishing Ship |
| 22:05 | Create | Fishing Ship |
| 22:44 | Build | Town Center |
| 22:50 | Create | Villager (Male) ×5 |
| 23:04 | Build | Mining Camp |
| 23:16 | Build | Town Center |
| 23:33 | Create | Villager (Male) ×5 |
| 23:36 | Create | Villager (Male) ×5 |
| 23:48 | Build | University |
| 24:09 | Build | Stone Wall |
| 24:09 | Build | Stone Wall |
| 24:43 | Create | Villager (Male) ×5 |
| 24:53 | Build | Fish Trap |
| 24:54 | Build | Fish Trap |
| 24:57 | Build | Fish Trap |
| 25:09 | Create | Villager (Male) ×5 |
| 25:11 | Research | Wheelbarrow |
| 25:17 | Research | Fortified Wall (upgrade) |
| 25:30 | Build | Castle |
| 25:42 | Build | Fish Trap |
| 25:51 | Create | Villager (Male) ×3 |
| 26:00 | Build | Fish Trap |
| 26:18 | Build | Fish Trap |
| 26:28 | Build | Fish Trap |
| 26:34 | Create | Villager (Male) ×2 |
| 26:54 | Create | Villager (Male) |
| 27:17 | Build | Farm |
| 27:18 | Build | Farm |
| 27:19 | Build | Farm |
| 27:21 | Build | Farm |
| 27:22 | Build | Farm |
| 27:24 | Build | Farm |
| 27:39 | Build | Farm |
| 27:40 | Build | Farm |
| 27:41 | Build | Farm |
| 27:42 | Build | Farm |
| 27:44 | Build | Farm |
| 27:45 | Build | Farm |
| 27:46 | Build | Farm |
| 27:47 | Build | Farm |
| 27:48 | Build | Farm |
| 27:49 | Build | Farm |
| 27:56 | Research | Hand Cart |
| 28:15 | Build | Farm |
| 28:16 | Build | Farm |
| 28:18 | Build | Farm |
| 28:19 | Build | Farm |
| 28:32 | Build | Farm |
| 28:33 | Build | Farm |
| 28:35 | Build | Farm |
| 28:39 | Create | Villager (Male) ×5 |
| 28:49 | Build | Market |
| 28:52 | Build | Market |
| 28:53 | Build | Market |
| 28:56 | Build | Market |
| 28:58 | Build | Market |
| 29:10 | Build | Stone Wall |
| 29:10 | Build | Stone Wall |
| 29:19 | Build | Monastery |
| 29:25 | Create | Villager (Male) ×5 |
| 29:29 | Create | Villager (Male) ×5 |
Build order — eots.one
First 150 of 840 actions detected
| 0:01 | Research | Loom |
| 0:03 | Build | House |
| 0:05 | Build | House |
| 0:10 | Create | Villager (Male) |
| 0:10 | Create | Villager (Male) |
| 0:10 | Create | Villager (Male) |
| 0:10 | Create | Villager (Male) |
| 1:51 | Create | Villager (Male) |
| 2:20 | Create | Villager (Male) |
| 2:30 | Create | Villager (Male) |
| 2:30 | Create | Villager (Male) |
| 2:37 | Build | Lumber Camp |
| 3:20 | Create | Villager (Male) |
| 3:20 | Create | Villager (Male) |
| 4:11 | Create | Villager (Male) |
| 4:12 | Create | Villager (Male) |
| 4:12 | Create | Villager (Male) |
| 4:12 | Create | Villager (Male) |
| 5:01 | Create | Villager (Male) |
| 5:01 | Create | Villager (Male) |
| 5:34 | Create | Villager (Male) |
| 5:35 | Create | Villager (Male) |
| 5:57 | Create | Villager (Male) |
| 5:57 | Create | Villager (Male) |
| 5:57 | Create | Villager (Male) |
| 7:14 | Build | Mill |
| 7:17 | Create | Villager (Male) |
| 7:17 | Create | Villager (Male) |
| 7:17 | Create | Villager (Male) |
| 7:51 | Create | Villager (Male) |
| 7:51 | Create | Villager (Male) |
| 7:51 | Create | Villager (Male) |
| 8:34 | Create | Villager (Male) |
| 8:34 | Create | Villager (Male) |
| 9:49 | Build | Mining Camp |
| 10:19 | Create | Villager (Male) |
| 11:06 | Build | Mining Camp |
| 11:09 | Research | Feudal Age |
| 11:32 | Build | House |
| 11:33 | Build | House |
| 11:34 | Build | House |
| 11:37 | Build | House |
| 11:38 | Build | House |
| 11:39 | Build | House |
| 11:50 | Create | Villager (Male) |
| 11:50 | Create | Villager (Male) |
| 11:50 | Create | Villager (Male) |
| 11:50 | Create | Villager (Male) |
| 11:51 | Create | Villager (Male) |
| 13:26 | Age | Feudal Age |
| 13:27 | Research | Horse Collar |
| 13:27 | Research | Double-Bit Axe |
| 13:28 | Research | Double-Bit Axe |
| 13:50 | Build | Farm |
| 13:51 | Build | Farm |
| 13:58 | Research | Castle Age |
| 14:06 | Build | Farm |
| 14:06 | Build | Farm |
| 14:10 | Build | Farm |
| 14:11 | Build | Farm |
| 14:15 | Build | Farm |
| 14:16 | Build | Farm |
| 16:04 | Create | Villager (Male) |
| 16:04 | Create | Villager (Male) |
| 16:04 | Create | Villager (Male) |
| 16:05 | Create | Villager (Male) |
| 16:05 | Create | Villager (Male) |
| 18:11 | Age | Castle Age |
| 18:12 | Build | Town Center |
| 18:13 | Research | Bow Saw |
| 18:15 | Research | Heavy Plow |
| 18:19 | Build | Town Center |
| 18:32 | Build | Town Center |
| 18:43 | Build | Farm |
| 18:44 | Build | Farm |
| 18:45 | Build | Farm |
| 18:53 | Build | Farm |
| 18:55 | Build | Farm |
| 18:56 | Build | Farm |
| 18:57 | Build | Farm |
| 18:58 | Build | Farm |
| 19:09 | Create | Villager (Male) |
| 19:17 | Create | Villager (Male) |
| 19:17 | Create | Villager (Male) |
| 19:18 | Create | Villager (Male) |
| 19:21 | Create | Villager (Male) |
| 19:21 | Create | Villager (Male) |
| 19:21 | Create | Villager (Male) |
| 19:51 | Build | Farm |
| 19:52 | Build | Farm |
| 19:53 | Build | Farm |
| 19:54 | Build | Farm |
| 19:57 | Create | Villager (Male) |
| 19:58 | Create | Villager (Male) |
| 20:17 | Build | Farm |
| 20:17 | Build | Farm |
| 20:22 | Create | Villager (Male) |
| 20:24 | Create | Villager (Male) |
| 20:25 | Create | Villager (Male) |
| 20:31 | Create | Villager (Male) |
| 20:40 | Create | Villager (Male) |
| 20:47 | Create | Villager (Male) |
| 20:52 | Create | Villager (Male) |
| 21:00 | Create | Villager (Male) |
| 21:00 | Create | Villager (Male) |
| 21:00 | Create | Villager (Male) |
| 21:02 | Create | Villager (Male) |
| 21:04 | Create | Villager (Male) |
| 21:04 | Create | Villager (Male) |
| 21:12 | Build | Town Center |
| 21:23 | Create | Villager (Male) |
| 21:24 | Create | Villager (Male) |
| 21:27 | Build | Farm |
| 21:27 | Build | Farm |
| 21:30 | Create | Villager (Male) |
| 21:30 | Create | Villager (Male) |
| 21:44 | Create | Villager (Male) |
| 21:44 | Create | Villager (Male) |
| 21:44 | Create | Villager (Male) |
| 21:55 | Create | Villager (Male) |
| 21:59 | Create | Villager (Male) |
| 22:11 | Build | Town Center |
| 22:21 | Create | Villager (Male) |
| 22:22 | Create | Villager (Male) |
| 22:22 | Create | Villager (Male) |
| 22:27 | Create | Villager (Male) |
| 22:34 | Build | Farm |
| 22:35 | Build | Farm |
| 22:37 | Build | Farm |
| 22:38 | Build | Farm |
| 22:44 | Create | Villager (Male) |
| 22:47 | Create | Villager (Male) |
| 22:48 | Create | Villager (Male) |
| 22:51 | Build | Farm |
| 22:51 | Build | Farm |
| 22:51 | Build | Farm |
| 23:00 | Build | Farm |
| 23:05 | Create | Villager (Male) |
| 23:08 | Create | Villager (Male) |
| 23:17 | Create | Villager (Male) |
| 23:17 | Create | Villager (Male) |
| 23:37 | Build | Town Center |
| 23:43 | Create | Villager (Male) |
| 23:43 | Create | Villager (Male) |
| 23:50 | Create | Villager (Male) |
| 23:57 | Build | Farm |
| 23:57 | Build | Farm |
| 23:57 | Build | Farm |
| 24:01 | Create | Villager (Male) |
| 24:04 | Create | Villager (Male) |
Build order — KYO
First 150 of 967 actions detected
| 0:08 | Create | Villager (Male) ×4 |
| 0:11 | Build | House |
| 0:13 | Build | House |
| 1:33 | Create | Villager (Male) |
| 2:18 | Create | Villager (Male) |
| 2:34 | Research | Loom |
| 2:56 | Create | Villager (Male) |
| 3:16 | Create | Villager (Male) |
| 3:46 | Create | Villager (Male) |
| 4:00 | Build | Palisade Wall |
| 4:10 | Build | Dock |
| 4:23 | Create | Villager (Male) ×2 |
| 4:51 | Create | Villager (Male) |
| 5:02 | Create | Fishing Ship |
| 5:09 | Build | Palisade Wall |
| 5:14 | Build | Palisade Wall |
| 5:15 | Build | Palisade Wall |
| 5:24 | Create | Villager (Male) |
| 6:17 | Create | Villager (Male) ×2 |
| 6:40 | Create | Fishing Ship |
| 6:40 | Create | Fishing Ship |
| 7:06 | Create | Villager (Male) |
| 7:06 | Create | Villager (Male) |
| 7:08 | Create | Villager (Male) |
| 7:39 | Create | Fishing Ship |
| 7:48 | Build | Palisade Wall |
| 8:16 | Build | Mill |
| 8:23 | Create | Villager (Male) |
| 8:44 | Build | Palisade Wall |
| 8:49 | Build | Mule Cart |
| 8:54 | Create | Villager (Male) |
| 9:27 | Build | Palisade Wall |
| 9:29 | Build | Palisade Wall |
| 9:42 | Research | Feudal Age |
| 11:07 | Create | Fishing Ship |
| 11:15 | Build | Palisade Wall |
| 11:44 | Create | Villager (Male) |
| 11:45 | Create | Villager (Male) |
| 11:52 | Age | Feudal Age |
| 11:59 | Build | Market |
| 12:03 | Build | Blacksmith |
| 12:16 | Build | Stone Wall |
| 12:22 | Build | Stone Wall |
| 12:56 | Research | Castle Age |
| 13:41 | Build | Mule Cart |
| 13:54 | Research | Double-Bit Axe |
| 14:05 | Build | Stone Wall |
| 14:18 | Build | Fish Trap |
| 14:23 | Build | Fish Trap |
| 14:33 | Build | Fish Trap |
| 14:38 | Build | Fish Trap |
| 14:42 | Build | Fish Trap |
| 14:57 | Build | Stone Wall |
| 15:09 | Create | Villager (Male) |
| 15:09 | Create | Villager (Male) |
| 15:36 | Age | Castle Age |
| 15:37 | Build | Stone Wall |
| 15:45 | Build | Town Center |
| 15:58 | Build | Town Center |
| 16:02 | Create | Villager (Male) |
| 16:08 | Create | Fishing Ship |
| 16:11 | Research | Tech 906 |
| 16:26 | Build | Stone Wall |
| 16:30 | Create | Villager (Male) |
| 17:06 | Build | Fish Trap |
| 17:08 | Create | Villager (Male) |
| 17:20 | Build | Stone Wall |
| 17:29 | Create | Villager (Male) |
| 17:43 | Build | Dock |
| 17:46 | Create | Villager (Male) |
| 18:21 | Build | Stone Wall |
| 18:23 | Create | Villager (Male) |
| 18:25 | Create | Villager (Male) |
| 18:41 | Create | Fishing Ship |
| 18:41 | Create | Fishing Ship |
| 18:53 | Build | Dock |
| 18:56 | Create | Villager (Male) |
| 18:56 | Create | Villager (Male) |
| 18:57 | Create | Villager (Male) |
| 18:57 | Create | Villager (Male) |
| 18:57 | Create | Villager (Male) |
| 19:06 | Build | Stone Wall |
| 19:18 | Build | Monastery |
| 19:22 | Create | Villager (Male) |
| 19:22 | Create | Villager (Male) |
| 19:22 | Create | Villager (Male) |
| 19:32 | Build | Fish Trap |
| 19:37 | Build | Fish Trap |
| 19:40 | Create | Fishing Ship |
| 19:40 | Create | Fishing Ship |
| 19:46 | Create | Fishing Ship |
| 19:46 | Create | Fishing Ship |
| 19:50 | Create | Fishing Ship |
| 19:50 | Create | Fishing Ship |
| 19:57 | Build | Stone Wall |
| 19:59 | Create | Villager (Male) |
| 19:59 | Create | Villager (Male) |
| 20:00 | Create | Villager (Male) |
| 20:00 | Create | Villager (Male) |
| 20:00 | Create | Villager (Male) |
| 20:01 | Create | Villager (Male) |
| 20:01 | Create | Villager (Male) |
| 20:05 | Create | Monk |
| 20:18 | Create | Villager (Male) |
| 20:18 | Create | Villager (Male) |
| 20:19 | Create | Villager (Male) |
| 20:31 | Build | Fish Trap |
| 20:37 | Build | Fish Trap |
| 20:40 | Build | Fish Trap |
| 20:57 | Build | Town Center |
| 21:02 | Create | Villager (Male) |
| 21:02 | Create | Villager (Male) |
| 21:03 | Create | Villager (Male) |
| 21:03 | Create | Villager (Male) |
| 21:04 | Create | Villager (Male) |
| 21:04 | Create | Villager (Male) |
| 21:04 | Create | Villager (Male) |
| 21:05 | Create | Villager (Male) |
| 21:05 | Create | Villager (Male) |
| 21:19 | Build | Stone Wall |
| 21:34 | Build | Fish Trap |
| 21:38 | Build | Fish Trap |
| 21:42 | Build | Fish Trap |
| 21:46 | Create | Fishing Ship |
| 21:47 | Create | Villager (Male) |
| 21:47 | Create | Villager (Male) |
| 21:47 | Create | Villager (Male) |
| 21:48 | Create | Villager (Male) |
| 21:48 | Create | Villager (Male) |
| 21:49 | Create | Villager (Male) |
| 21:49 | Create | Villager (Male) |
| 21:49 | Create | Villager (Male) |
| 22:09 | Build | Stone Wall |
| 22:25 | Research | Wheelbarrow |
| 22:26 | Create | Villager (Male) |
| 22:26 | Create | Villager (Male) |
| 22:27 | Create | Villager (Male) |
| 22:40 | Build | Stone Wall |
| 22:46 | Build | Stone Wall |
| 23:01 | Create | Villager (Male) |
| 23:02 | Create | Villager (Male) |
| 23:02 | Create | Villager (Male) |
| 23:03 | Create | Villager (Male) |
| 23:03 | Create | Villager (Male) |
| 23:04 | Create | Villager (Male) |
| 23:04 | Create | Villager (Male) |
| 23:04 | Create | Villager (Male) |
| 23:11 | Build | Fish Trap |
| 23:16 | Create | Fishing Ship |
| 23:16 | Create | Fishing Ship |
Build order — 三米五(菜鸟)
First 150 of 948 actions detected
| 0:00 | Create | Villager (Male) |
| 0:00 | Create | Villager (Male) |
| 0:01 | Create | Villager (Male) |
| 0:01 | Create | Villager (Male) |
| 0:01 | Create | Villager (Male) |
| 0:03 | Build | House |
| 0:05 | Build | House |
| 1:44 | Create | Villager (Male) |
| 1:44 | Create | Villager (Male) |
| 1:48 | Research | Loom |
| 1:48 | Research | Loom |
| 2:02 | Build | Lumber Camp |
| 2:26 | Create | Villager (Male) |
| 2:26 | Create | Villager (Male) |
| 2:29 | Create | Villager (Male) |
| 3:17 | Build | Palisade Wall |
| 3:24 | Build | Palisade Wall |
| 3:32 | Create | Villager (Male) |
| 3:33 | Create | Villager (Male) |
| 3:33 | Create | Villager (Male) |
| 3:33 | Create | Villager (Male) |
| 4:06 | Create | Villager (Male) |
| 4:06 | Create | Villager (Male) |
| 4:25 | Create | Villager (Male) |
| 4:25 | Create | Villager (Male) |
| 4:36 | Build | Palisade Wall |
| 5:05 | Build | Palisade Wall |
| 5:09 | Create | Villager (Male) |
| 5:10 | Create | Villager (Male) |
| 5:10 | Create | Villager (Male) |
| 5:55 | Create | Villager (Male) |
| 6:09 | Build | Palisade Wall |
| 6:43 | Create | Villager (Male) |
| 7:01 | Build | Palisade Wall |
| 7:08 | Build | Palisade Wall |
| 7:13 | Create | Villager (Male) |
| 7:22 | Build | Mill |
| 7:36 | Create | Villager (Male) |
| 7:36 | Create | Villager (Male) |
| 7:36 | Create | Villager (Male) |
| 7:37 | Create | Villager (Male) |
| 7:49 | Create | Villager (Male) |
| 7:49 | Create | Villager (Male) |
| 8:16 | Build | Palisade Wall |
| 8:35 | Build | Dock |
| 8:42 | Create | Villager (Male) |
| 9:08 | Build | Palisade Wall |
| 9:50 | Research | Feudal Age |
| 9:58 | Build | Mining Camp |
| 10:07 | Build | Mining Camp |
| 10:17 | Build | Palisade Wall |
| 10:45 | Create | Fishing Ship |
| 10:45 | Create | Fishing Ship |
| 11:00 | Build | Palisade Wall |
| 11:36 | Build | Palisade Wall |
| 12:19 | Create | Villager (Male) |
| 12:19 | Create | Villager (Male) |
| 12:23 | Age | Feudal Age |
| 12:33 | Build | Stone Wall |
| 12:44 | Create | Fishing Ship |
| 12:46 | Research | Tech 906 |
| 12:51 | Create | Villager (Male) |
| 13:04 | Build | Market |
| 13:08 | Create | Villager (Male) |
| 13:09 | Create | Villager (Male) |
| 13:22 | Build | Stone Wall |
| 13:38 | Build | Blacksmith |
| 13:51 | Create | Villager (Male) |
| 14:06 | Research | Castle Age |
| 14:07 | Research | Castle Age |
| 14:07 | Research | Castle Age |
| 14:23 | Build | Stone Wall |
| 15:34 | Research | Double-Bit Axe |
| 15:34 | Research | Double-Bit Axe |
| 16:01 | Build | Stone Wall |
| 16:22 | Research | Wheelbarrow |
| 16:28 | Create | Fishing Ship |
| 16:38 | Build | Stone Wall |
| 16:46 | Age | Castle Age |
| 16:58 | Build | Stone Wall |
| 17:26 | Build | Stone Wall |
| 17:40 | Research | Gillnets |
| 17:49 | Research | Horse Collar |
| 17:53 | Research | Bow Saw |
| 18:02 | Build | Town Center |
| 18:07 | Create | Villager (Male) |
| 18:07 | Create | Villager (Male) |
| 18:21 | Build | Stone Wall |
| 18:23 | Create | Villager (Male) |
| 18:24 | Create | Villager (Male) |
| 18:34 | Build | Town Center |
| 18:46 | Create | Villager (Male) |
| 18:46 | Create | Villager (Male) |
| 18:57 | Create | Villager (Male) |
| 19:12 | Build | Farm |
| 19:14 | Create | Villager (Male) |
| 19:15 | Create | Villager (Male) |
| 19:36 | Build | Stone Wall |
| 19:39 | Create | Villager (Male) |
| 19:52 | Create | Villager (Male) |
| 19:52 | Create | Villager (Male) |
| 19:57 | Build | Monastery |
| 19:58 | Create | Villager (Male) |
| 19:58 | Create | Villager (Male) |
| 19:59 | Create | Villager (Male) |
| 20:10 | Build | Stone Wall |
| 20:23 | Build | Stone Wall |
| 20:36 | Create | Villager (Male) |
| 20:36 | Create | Villager (Male) |
| 20:37 | Create | Villager (Male) |
| 20:44 | Create | Villager (Male) |
| 20:46 | Create | Villager (Male) |
| 20:50 | Create | Villager (Male) |
| 21:06 | Create | Monk |
| 21:15 | Build | Stone Wall |
| 21:19 | Create | Villager (Male) |
| 21:36 | Build | Stone Wall |
| 21:44 | Create | Villager (Male) |
| 21:44 | Create | Villager (Male) |
| 21:48 | Build | Farm |
| 21:49 | Build | Farm |
| 21:49 | Build | Farm |
| 21:49 | Build | Farm |
| 21:49 | Build | Farm |
| 21:50 | Build | Farm |
| 21:50 | Build | Farm |
| 21:50 | Build | Farm |
| 21:50 | Build | Farm |
| 21:51 | Build | Farm |
| 21:51 | Build | Farm |
| 21:51 | Build | Farm |
| 21:51 | Build | Farm |
| 21:52 | Build | Farm |
| 22:05 | Build | Farm |
| 22:06 | Build | Farm |
| 22:06 | Build | Farm |
| 22:06 | Build | Farm |
| 22:06 | Build | Farm |
| 22:07 | Build | Farm |
| 22:35 | Build | Stone Wall |
| 22:46 | Build | Stone Wall |
| 22:47 | Build | Stone Wall |
| 22:51 | Create | Villager (Male) |
| 22:51 | Create | Villager (Male) |
| 23:08 | Create | Villager (Male) |
| 23:08 | Create | Villager (Male) |
| 23:09 | Create | Villager (Male) |
| 23:16 | Build | Town Center |
| 23:19 | Create | Villager (Male) |
| 23:19 | Create | Villager (Male) |
Build order —
First 150 of 4679 actions detected
| 0:00 | Build | House |
| 0:02 | Build | House |
| 1:42 | Build | Lumber Camp |
| 2:57 | Build | Barracks |
| 4:10 | Build | Mill |
| 4:45 | Build | Lumber Camp |
| 5:42 | Build | Mining Camp |
| 5:44 | Research | Tech None |
| 8:01 | Research | Tech None |
| 8:01 | Build | Archery Range |
| 8:03 | Research | Tech None |
| 8:03 | Research | Tech None |
| 8:05 | Research | Tech None |
| 8:05 | Build | Farm |
| 8:06 | Build | Farm |
| 8:07 | Build | Farm |
| 8:11 | Build | Farm |
| 9:03 | Build | Archery Range |
| 9:29 | Build | Blacksmith |
| 10:59 | Research | Tech None |
| 11:49 | Build | Archery Range |
| 12:11 | Research | Tech None |
| 12:20 | Build | Archery Range |
| 12:42 | Research | Tech None |
| 12:46 | Build | Archery Range |
| 13:40 | Build | Town Center |
| 13:47 | Research | Tech None |
| 14:17 | Build | Siege Workshop |
| 14:59 | Research | Tech None |
| 15:14 | Research | Tech None |
| 15:33 | Build | Farm |
| 15:52 | Build | Farm |
| 15:58 | Build | Farm |
| 16:22 | Build | Town Center |
| 16:31 | Research | Tech None |
| 16:38 | Build | Farm |
| 16:40 | Build | Farm |
| 16:45 | Build | Farm |
| 16:59 | Build | Farm |
| 17:18 | Build | Lumber Camp |
| 17:27 | Research | Tech None |
| 17:48 | Build | Monastery |
| 17:53 | Build | Farm |
| 17:59 | Build | Farm |
| 18:19 | Research | Tech None |
| 18:20 | Build | Farm |
| 18:31 | Build | Monastery |
| 18:33 | Build | Farm |
| 18:49 | Build | Farm |
| 19:01 | Build | Farm |
| 19:06 | Build | Farm |
| 19:17 | Build | Monastery |
| 19:26 | Build | Farm |
| 19:38 | Build | Monastery |
| 19:44 | Research | Tech None |
| 19:44 | Build | Farm |
| 19:52 | Build | Farm |
| 20:04 | Build | Market |
| 20:08 | Build | Farm |
| 20:10 | Build | Farm |
| 20:12 | Research | Tech None |
| 20:14 | Build | Farm |
| 20:15 | Build | Farm |
| 20:19 | Build | Farm |
| 20:33 | Build | Mining Camp |
| 20:36 | Build | Farm |
| 20:43 | Build | Farm |
| 20:54 | Build | Archery Range |
| 21:19 | Build | Farm |
| 21:25 | Build | Farm |
| 21:32 | Research | Tech None |
| 21:33 | Build | Farm |
| 21:47 | Build | University |
| 21:56 | Build | Farm |
| 21:57 | Build | Mill |
| 22:21 | Build | Farm |
| 22:39 | Research | Tech None |
| 22:39 | Build | Lumber Camp |
| 22:40 | Build | Farm |
| 22:41 | Research | Tech None |
| 22:41 | Research | Tech None |
| 22:55 | Build | House |
| 22:59 | Build | House |
| 23:00 | Build | House |
| 23:27 | Research | Tech None |
| 23:28 | Build | Siege Workshop |
| 23:49 | Build | Stable |
| 24:04 | Build | Barracks |
| 24:17 | Build | Market |
| 24:27 | Build | Stable |
| 24:28 | Research | Tech None |
| 24:35 | Build | Barracks |
| 24:44 | Research | Tech None |
| 24:45 | Build | Market |
| 24:45 | Build | Barracks |
| 24:59 | Build | Barracks |
| 25:04 | Build | Barracks |
| 25:17 | Build | Stable |
| 25:31 | Build | Stable |
| 25:42 | Build | Market |
| 25:49 | Research | Tech None |
| 25:55 | Research | Tech None |
| 26:02 | Build | Stable |
| 26:08 | Build | Castle |
| 26:10 | Build | Mining Camp |
| 26:16 | Build | Mining Camp |
| 26:19 | Build | Mining Camp |
| 26:22 | Research | Tech None |
| 26:39 | Build | Lumber Camp |
| 26:43 | Build | Stable |
| 26:46 | Build | Mining Camp |
| 26:54 | Build | Stable |
| 27:08 | Research | Tech None |
| 27:08 | Build | Farm |
| 27:28 | Build | Farm |
| 27:39 | Research | Tech None |
| 27:45 | Build | Farm |
| 27:54 | Build | Farm |
| 28:00 | Research | Tech None |
| 28:02 | Build | Siege Workshop |
| 28:12 | Build | Siege Workshop |
| 28:18 | Build | Farm |
| 28:19 | Research | Tech None |
| 28:36 | Build | Siege Workshop |
| 28:37 | Build | Farm |
| 28:44 | Research | Tech None |
| 28:51 | Build | Siege Workshop |
| 29:08 | Build | Town Center |
| 29:22 | Research | Tech None |
| 29:29 | Build | Siege Workshop |
| 29:40 | Build | Town Center |
| 29:46 | Build | Farm |
| 29:52 | Build | Farm |
| 30:02 | Build | Farm |
| 30:17 | Build | Farm |
| 30:18 | Build | Farm |
| 30:35 | Research | Tech None |
| 30:39 | Build | Lumber Camp |
| 30:42 | Build | Farm |
| 30:47 | Build | Farm |
| 30:48 | Build | Farm |
| 30:50 | Build | Farm |
| 30:51 | Build | Farm |
| 30:53 | Build | Farm |
| 30:56 | Build | Farm |
| 31:07 | Build | Farm |
| 31:09 | Build | Castle |
| 31:15 | Build | Farm |
| 31:18 | Research | Tech None |
| 31:23 | Research | Tech None |
Build order —
First 150 of 4810 actions detected
| 0:00 | Build | House |
| 0:02 | Build | House |
| 1:42 | Build | Lumber Camp |
| 3:04 | Build | Mill |
| 3:05 | Build | Lumber Camp |
| 5:34 | Build | Mining Camp |
| 5:51 | Research | Tech None |
| 7:10 | Research | Tech None |
| 7:10 | Build | Barracks |
| 9:41 | Build | Market |
| 9:42 | Research | Tech None |
| 9:42 | Build | Blacksmith |
| 9:43 | Research | Tech None |
| 9:43 | Build | Stable |
| 9:44 | Build | Farm |
| 9:45 | Build | Farm |
| 9:55 | Research | Tech None |
| 9:55 | Build | Farm |
| 10:04 | Build | Farm |
| 10:05 | Build | Farm |
| 10:18 | Build | Farm |
| 10:32 | Research | Tech None |
| 10:34 | Research | Tech None |
| 11:41 | Build | Farm |
| 11:42 | Build | Farm |
| 11:43 | Build | Farm |
| 11:44 | Build | Farm |
| 11:46 | Build | Farm |
| 11:47 | Build | Farm |
| 13:12 | Research | Tech None |
| 13:12 | Build | Town Center |
| 13:13 | Research | Tech None |
| 13:13 | Build | Town Center |
| 13:19 | Research | Tech None |
| 13:47 | Build | Stable |
| 14:26 | Build | Monastery |
| 14:26 | Build | Monastery |
| 14:46 | Build | Stable |
| 15:33 | Build | Stable |
| 15:52 | Build | Farm |
| 15:53 | Build | Farm |
| 16:08 | Build | Farm |
| 16:18 | Build | Siege Workshop |
| 16:32 | Build | Farm |
| 16:42 | Build | Farm |
| 16:51 | Research | Tech None |
| 16:56 | Build | Lumber Camp |
| 17:07 | Build | Farm |
| 17:23 | Build | Town Center |
| 17:24 | Build | Farm |
| 17:45 | Build | Town Center |
| 17:46 | Research | Tech None |
| 17:54 | Build | Farm |
| 17:59 | Build | Farm |
| 18:24 | Build | Farm |
| 18:25 | Build | Farm |
| 18:34 | Build | Farm |
| 18:38 | Research | Tech None |
| 18:40 | Build | Farm |
| 18:46 | Research | Tech None |
| 18:47 | Build | Farm |
| 18:56 | Build | Mining Camp |
| 19:06 | Build | Farm |
| 19:14 | Build | Farm |
| 19:17 | Build | Farm |
| 19:29 | Research | Tech None |
| 19:37 | Build | Farm |
| 19:52 | Build | Mining Camp |
| 19:57 | Build | Farm |
| 20:04 | Build | Farm |
| 20:18 | Build | Farm |
| 20:28 | Build | Farm |
| 20:31 | Build | Lumber Camp |
| 20:43 | Build | Farm |
| 20:52 | Build | Farm |
| 21:09 | Build | Farm |
| 21:10 | Build | Farm |
| 21:18 | Build | Farm |
| 21:33 | Research | Tech None |
| 21:33 | Build | Siege Workshop |
| 21:35 | Research | Tech None |
| 21:35 | Build | Mining Camp |
| 21:39 | Research | Tech None |
| 21:42 | Build | Mining Camp |
| 21:57 | Build | Archery Range |
| 22:06 | Research | Tech None |
| 22:24 | Build | Barracks |
| 22:31 | Build | House |
| 22:33 | Build | House |
| 22:36 | Build | House |
| 22:55 | Build | Barracks |
| 23:01 | Build | Market |
| 23:15 | Build | Barracks |
| 23:32 | Build | Barracks |
| 23:37 | Build | Castle |
| 23:43 | Build | Market |
| 23:53 | Build | Barracks |
| 24:21 | Build | Barracks |
| 24:31 | Build | Barracks |
| 24:34 | Build | Lumber Camp |
| 24:36 | Build | Castle |
| 24:38 | Research | Tech None |
| 24:42 | Build | Market |
| 24:45 | Research | Tech None |
| 25:16 | Research | Tech None |
| 25:22 | Build | Siege Workshop |
| 25:29 | Build | Barracks |
| 25:33 | Research | Tech None |
| 25:35 | Build | Archery Range |
| 25:39 | Build | Archery Range |
| 25:45 | Build | Archery Range |
| 25:50 | Build | Siege Workshop |
| 25:59 | Build | Siege Workshop |
| 26:01 | Build | Siege Workshop |
| 26:08 | Build | University |
| 26:27 | Build | Lumber Camp |
| 26:34 | Research | Tech None |
| 26:35 | Build | Lumber Camp |
| 26:37 | Build | Lumber Camp |
| 26:38 | Build | Farm |
| 26:39 | Research | Tech None |
| 26:39 | Build | Farm |
| 26:39 | Build | Farm |
| 26:42 | Build | Lumber Camp |
| 26:45 | Build | Farm |
| 26:47 | Build | Lumber Camp |
| 27:04 | Build | Lumber Camp |
| 27:10 | Build | Farm |
| 27:13 | Build | Mill |
| 27:14 | Build | Mill |
| 27:16 | Build | Mill |
| 27:23 | Build | Castle |
| 27:26 | Build | Farm |
| 27:29 | Build | Farm |
| 27:37 | Build | Farm |
| 27:39 | Build | Farm |
| 27:55 | Research | Tech None |
| 27:57 | Research | Tech None |
| 28:00 | Build | Farm |
| 28:11 | Build | Farm |
| 28:19 | Research | Tech None |
| 28:19 | Build | Farm |
| 28:31 | Build | Farm |
| 28:34 | Build | Farm |
| 28:37 | Research | Tech None |
| 28:39 | Build | Farm |
| 28:51 | Build | Farm |
| 28:53 | Build | Farm |
| 28:54 | Build | Mill |
| 28:56 | Build | Farm |
Build order —
First 150 of 4061 actions detected
| 0:00 | Build | House |
| 0:02 | Build | House |
| 1:42 | Build | Lumber Camp |
| 3:05 | Build | Mill |
| 3:06 | Build | Lumber Camp |
| 5:17 | Build | Mining Camp |
| 5:51 | Research | Tech None |
| 7:07 | Research | Tech None |
| 7:07 | Build | Barracks |
| 9:41 | Build | Market |
| 9:42 | Research | Tech None |
| 9:42 | Build | Blacksmith |
| 9:43 | Research | Tech None |
| 9:43 | Build | Stable |
| 9:44 | Research | Tech None |
| 10:04 | Build | Farm |
| 10:05 | Build | Farm |
| 10:17 | Build | Farm |
| 10:32 | Research | Tech None |
| 10:34 | Research | Tech None |
| 10:41 | Build | Farm |
| 10:52 | Build | Farm |
| 11:04 | Build | Farm |
| 11:15 | Build | Farm |
| 11:20 | Build | Farm |
| 12:02 | Build | Farm |
| 12:04 | Build | Farm |
| 12:05 | Build | Farm |
| 12:05 | Build | Farm |
| 13:12 | Research | Tech None |
| 13:13 | Research | Tech None |
| 13:13 | Build | Town Center |
| 13:46 | Build | Town Center |
| 14:10 | Research | Tech None |
| 14:34 | Build | Stable |
| 14:38 | Research | Tech None |
| 15:12 | Build | Monastery |
| 15:43 | Build | Farm |
| 15:53 | Build | Stable |
| 16:09 | Build | Farm |
| 16:17 | Build | Farm |
| 16:31 | Build | Farm |
| 16:37 | Research | Tech None |
| 16:41 | Build | Farm |
| 16:52 | Build | Farm |
| 17:02 | Build | Farm |
| 17:10 | Build | Farm |
| 17:17 | Build | Farm |
| 17:27 | Build | Farm |
| 17:36 | Build | Farm |
| 17:42 | Research | Tech None |
| 17:48 | Build | Farm |
| 18:06 | Build | Town Center |
| 18:32 | Research | Tech None |
| 18:38 | Build | Farm |
| 18:43 | Research | Tech None |
| 18:45 | Build | Farm |
| 18:52 | Build | Farm |
| 19:00 | Build | Lumber Camp |
| 19:07 | Build | Farm |
| 19:25 | Build | Farm |
| 19:30 | Build | Farm |
| 19:42 | Build | Mining Camp |
| 19:52 | Build | Farm |
| 19:55 | Build | Farm |
| 20:06 | Build | Siege Workshop |
| 20:17 | Build | Farm |
| 20:21 | Build | Farm |
| 20:34 | Build | Mining Camp |
| 20:43 | Build | Lumber Camp |
| 20:43 | Build | Mining Camp |
| 20:47 | Build | Farm |
| 20:52 | Build | Stable |
| 21:06 | Research | Tech None |
| 21:06 | Build | Farm |
| 21:07 | Research | Tech None |
| 21:07 | Research | Tech None |
| 21:14 | Build | Mining Camp |
| 21:28 | Build | Barracks |
| 21:35 | Build | Barracks |
| 21:36 | Research | Tech None |
| 21:43 | Research | Tech None |
| 21:59 | Build | House |
| 22:00 | Build | House |
| 22:01 | Build | House |
| 22:07 | Build | Barracks |
| 22:15 | Build | University |
| 22:37 | Build | Barracks |
| 22:56 | Build | Barracks |
| 23:03 | Build | Barracks |
| 23:09 | Build | Stable |
| 23:20 | Build | Stable |
| 23:25 | Build | Market |
| 23:42 | Build | Stable |
| 23:48 | Build | Stable |
| 23:51 | Build | Siege Workshop |
| 23:57 | Build | Archery Range |
| 24:01 | Build | Market |
| 24:12 | Build | Archery Range |
| 24:17 | Research | Tech None |
| 24:17 | Research | Tech None |
| 24:18 | Research | Tech None |
| 24:19 | Build | Archery Range |
| 24:23 | Research | Tech None |
| 24:25 | Build | Archery Range |
| 24:34 | Research | Tech None |
| 24:35 | Build | Archery Range |
| 24:44 | Build | Lumber Camp |
| 24:51 | Research | Tech None |
| 24:59 | Build | Farm |
| 25:00 | Build | Farm |
| 25:01 | Build | Farm |
| 25:02 | Build | Farm |
| 25:03 | Build | Farm |
| 25:05 | Research | Tech None |
| 25:12 | Build | Farm |
| 25:13 | Build | Farm |
| 25:14 | Build | Farm |
| 25:16 | Build | Farm |
| 25:18 | Build | Mill |
| 25:20 | Build | Farm |
| 25:22 | Build | Farm |
| 25:26 | Build | Market |
| 25:26 | Build | Archery Range |
| 25:40 | Build | Archery Range |
| 25:45 | Build | Farm |
| 25:49 | Build | Siege Workshop |
| 25:56 | Research | Tech None |
| 25:57 | Build | Farm |
| 25:58 | Build | Siege Workshop |
| 26:08 | Build | Farm |
| 26:09 | Build | Farm |
| 26:10 | Build | Farm |
| 26:13 | Build | Farm |
| 26:21 | Build | Castle |
| 26:21 | Build | Farm |
| 26:25 | Build | Farm |
| 26:29 | Build | Farm |
| 26:34 | Build | Mill |
| 26:35 | Build | Farm |
| 26:43 | Build | Siege Workshop |
| 26:46 | Build | Farm |
| 27:00 | Build | Farm |
| 27:05 | Build | Mill |
| 27:19 | Build | Siege Workshop |
| 27:24 | Build | Siege Workshop |
| 27:35 | Build | Farm |
| 27:39 | Research | Tech None |
| 27:40 | Research | Tech None |
| 27:46 | Build | Lumber Camp |
Build order —
First 150 of 4172 actions detected
| 0:00 | Build | House |
| 0:02 | Build | House |
| 1:42 | Build | Lumber Camp |
| 3:04 | Build | Mill |
| 3:05 | Build | Lumber Camp |
| 5:32 | Research | Tech None |
| 5:32 | Build | Barracks |
| 7:15 | Build | Farm |
| 8:01 | Research | Tech None |
| 8:01 | Build | Stable |
| 8:02 | Research | Tech None |
| 8:02 | Research | Tech None |
| 8:02 | Build | Mining Camp |
| 8:06 | Build | Archery Range |
| 8:30 | Research | Tech None |
| 8:42 | Build | Farm |
| 8:57 | Build | Farm |
| 9:05 | Build | Farm |
| 9:24 | Build | Farm |
| 9:29 | Build | Farm |
| 9:42 | Research | Tech None |
| 10:04 | Build | Archery Range |
| 10:32 | Build | Blacksmith |
| 10:59 | Research | Tech None |
| 11:30 | Research | Tech None |
| 12:12 | Build | Archery Range |
| 12:23 | Build | Siege Workshop |
| 12:23 | Research | Tech None |
| 13:04 | Research | Tech None |
| 13:07 | Build | Town Center |
| 14:00 | Build | Town Center |
| 14:34 | Research | Tech None |
| 14:37 | Build | Monastery |
| 15:03 | Build | Market |
| 15:20 | Build | Farm |
| 15:31 | Build | Farm |
| 15:46 | Build | Farm |
| 15:57 | Build | Farm |
| 16:09 | Research | Tech None |
| 16:29 | Research | Tech None |
| 16:31 | Build | Farm |
| 16:41 | Build | Farm |
| 16:52 | Build | Farm |
| 16:59 | Build | Farm |
| 17:17 | Build | Barracks |
| 17:21 | Build | Farm |
| 17:34 | Build | Farm |
| 17:41 | Build | Farm |
| 17:43 | Build | Farm |
| 17:46 | Build | Farm |
| 17:56 | Research | Tech None |
| 18:07 | Research | Tech None |
| 18:10 | Build | Farm |
| 18:15 | Build | Farm |
| 18:17 | Build | Farm |
| 18:31 | Build | Barracks |
| 18:36 | Build | Farm |
| 18:53 | Research | Tech None |
| 18:55 | Build | University |
| 19:02 | Build | Farm |
| 19:05 | Build | Farm |
| 19:17 | Build | Farm |
| 19:26 | Build | Farm |
| 19:28 | Build | Farm |
| 19:36 | Research | Tech None |
| 19:37 | Build | Barracks |
| 19:43 | Build | Farm |
| 19:50 | Build | Farm |
| 19:55 | Build | Farm |
| 19:58 | Build | Farm |
| 20:09 | Build | Barracks |
| 20:18 | Build | Farm |
| 20:36 | Build | Stable |
| 20:41 | Research | Tech None |
| 20:58 | Build | House |
| 20:59 | Build | Farm |
| 21:00 | Build | House |
| 21:04 | Build | Farm |
| 21:05 | Research | Tech None |
| 21:10 | Build | Farm |
| 21:27 | Build | Lumber Camp |
| 21:28 | Build | Mill |
| 21:30 | Research | Tech None |
| 21:32 | Build | Farm |
| 21:35 | Build | Mining Camp |
| 21:53 | Build | Archery Range |
| 21:56 | Build | Farm |
| 21:59 | Build | Farm |
| 22:16 | Research | Tech None |
| 22:23 | Build | Siege Workshop |
| 22:27 | Build | Farm |
| 22:34 | Build | Town Center |
| 22:39 | Build | Mining Camp |
| 22:45 | Build | Farm |
| 22:59 | Build | Farm |
| 23:01 | Research | Tech None |
| 23:14 | Build | Farm |
| 23:36 | Build | Farm |
| 23:42 | Build | Farm |
| 23:59 | Research | Tech None |
| 24:00 | Research | Tech None |
| 24:02 | Build | Market |
| 24:05 | Build | Stable |
| 24:16 | Build | Stable |
| 24:31 | Build | Market |
| 24:44 | Research | Tech None |
| 24:58 | Build | Stable |
| 25:07 | Research | Tech None |
| 25:13 | Build | Stable |
| 25:22 | Build | Stable |
| 25:29 | Build | Lumber Camp |
| 25:35 | Build | Archery Range |
| 25:50 | Build | Castle |
| 25:50 | Build | Mining Camp |
| 25:59 | Build | Archery Range |
| 26:10 | Build | Archery Range |
| 26:15 | Build | Archery Range |
| 26:30 | Build | Siege Workshop |
| 26:48 | Research | Tech None |
| 26:48 | Build | Siege Workshop |
| 27:01 | Build | Market |
| 27:04 | Build | Siege Workshop |
| 27:06 | Build | Farm |
| 27:07 | Build | Farm |
| 27:12 | Build | Market |
| 27:26 | Research | Tech None |
| 27:30 | Research | Tech None |
| 27:46 | Build | Castle |
| 27:47 | Build | Farm |
| 27:50 | Build | Farm |
| 27:53 | Build | Farm |
| 27:55 | Build | Farm |
| 27:58 | Research | Tech None |
| 28:01 | Build | Farm |
| 28:05 | Build | Farm |
| 28:06 | Build | Farm |
| 28:08 | Build | Farm |
| 28:10 | Build | Mill |
| 28:16 | Build | Farm |
| 28:26 | Research | Tech None |
| 28:27 | Research | Tech None |
| 28:31 | Build | Lumber Camp |
| 28:37 | Build | Farm |
| 28:41 | Research | Tech None |
| 28:49 | Build | Farm |
| 28:57 | Research | Tech None |
| 29:04 | Research | Tech None |
| 29:04 | Build | Farm |
| 29:09 | Build | Farm |
| 29:11 | Build | Farm |
Match timeline
| 1:35 | 哥刀一出血流成河 · wall_segment Palisade Wall x11 |
| 1:36 | 哥刀一出血流成河 · wall_segment Palisade Wall x1 |
| 2:57 | · first_building Barracks |
| 3:17 | 三米五(菜鸟) · wall_segment Palisade Wall x14 |
| 3:24 | 三米五(菜鸟) · wall_segment Palisade Wall x1 |
| 4:00 | KYO · wall_segment Palisade Wall x10 |
| 4:10 | KYO · first_building Dock |
| 4:36 | 三米五(菜鸟) · wall_segment Palisade Wall x15 |
| 5:05 | 三米五(菜鸟) · wall_segment Palisade Wall x1 |
| 5:09 | KYO · wall_segment Palisade Wall x1 |
| 5:14 | KYO · wall_segment Palisade Wall x10 |
| 5:15 | KYO · wall_segment Palisade Wall x1 |
| 5:32 | · first_building Barracks |
| 6:09 | 三米五(菜鸟) · wall_segment Palisade Wall x8 |
| 6:28 | 哥刀一出血流成河 · wall_segment Palisade Wall x11 |
| 6:28 | 哥刀一出血流成河 · wall_segment Palisade Wall x1 |
| 7:01 | 三米五(菜鸟) · wall_segment Palisade Wall x13 |
| 7:07 | · first_building Barracks |
| 7:08 | 三米五(菜鸟) · wall_segment Palisade Wall x2 |
| 7:10 | · first_building Barracks |
| 7:48 | KYO · wall_segment Palisade Wall x8 |
| 8:01 | · first_building Stable |
| 8:01 | · first_building Archery Range |
| 8:06 | · first_building Archery Range |
| 8:16 | 三米五(菜鸟) · wall_segment Palisade Wall x9 |
| 8:35 | 三米五(菜鸟) · first_building Dock |
| 8:44 | KYO · wall_segment Palisade Wall x1 |
| 8:49 | 哥刀一出血流成河 · wall_segment Palisade Wall x12 |
| 8:49 | 哥刀一出血流成河 · wall_segment Palisade Wall x1 |
| 9:08 | 三米五(菜鸟) · wall_segment Palisade Wall x10 |
| 9:27 | KYO · wall_segment Palisade Wall x7 |
| 9:29 | KYO · wall_segment Palisade Wall x6 |
| 9:43 | · first_building Stable |
| 9:43 | · first_building Stable |
| 10:17 | 三米五(菜鸟) · wall_segment Palisade Wall x11 |
| 11:00 | 三米五(菜鸟) · wall_segment Palisade Wall x10 |
| 11:15 | KYO · wall_segment Palisade Wall x7 |
| 11:18 | · first_market_sell 100 food |
| 11:36 | 三米五(菜鸟) · wall_segment Palisade Wall x8 |
| 11:39 | 哥刀一出血流成河 · age_up feudal |
| 11:50 | 哥刀一出血流成河 · wall_segment Stone Wall x12 |
| 11:51 | 哥刀一出血流成河 · wall_segment Stone Wall x1 |
| 11:52 | KYO · age_up feudal |
| 12:16 | KYO · wall_segment Stone Wall x10 |
| 12:22 | KYO · wall_segment Stone Wall x11 |
| 12:23 | 三米五(菜鸟) · age_up feudal |
| 12:23 | · first_building Siege Workshop |
| 12:33 | 三米五(菜鸟) · wall_segment Stone Wall x10 |
| 13:06 | 哥刀一出血流成河 · first_building Dock |
| 13:12 | · first_market_sell 100 food |
| 13:22 | 三米五(菜鸟) · wall_segment Stone Wall x11 |
| 13:26 | eots.one · age_up feudal |
| 14:05 | KYO · wall_segment Stone Wall x9 |
| 14:13 | 哥刀一出血流成河 · wall_segment Stone Wall x15 |
| 14:14 | 哥刀一出血流成河 · wall_segment Stone Wall x1 |
| 14:17 | · first_building Siege Workshop |
| 14:23 | 三米五(菜鸟) · wall_segment Stone Wall x11 |
| 14:26 | · first_building Monastery |
| 14:37 | · first_building Monastery |
| 14:57 | KYO · wall_segment Stone Wall x9 |
| 15:08 | 哥刀一出血流成河 · wall_segment Stone Wall x13 |
| 15:09 | 哥刀一出血流成河 · wall_segment Stone Wall x1 |
| 15:12 | · first_building Monastery |
| 15:21 | KYO · first_market_buy 100 stone |
| 15:36 | KYO · age_up castle |
| 15:37 | KYO · wall_segment Stone Wall x10 |
| 16:01 | 三米五(菜鸟) · wall_segment Stone Wall x6 |
| 16:18 | · first_building Siege Workshop |
| 16:26 | KYO · wall_segment Stone Wall x12 |
| 16:38 | 三米五(菜鸟) · wall_segment Stone Wall x7 |
| 16:46 | 三米五(菜鸟) · age_up castle |
| 16:58 | 三米五(菜鸟) · wall_segment Stone Wall x1 |
| 17:20 | KYO · wall_segment Stone Wall x10 |
| 17:26 | 三米五(菜鸟) · wall_segment Stone Wall x9 |
| 17:48 | · first_building Monastery |
| 18:05 | 哥刀一出血流成河 · wall_segment Stone Wall x11 |
| 18:05 | 哥刀一出血流成河 · wall_segment Stone Wall x1 |
| 18:11 | eots.one · age_up castle |
| 18:21 | KYO · wall_segment Stone Wall x10 |
| 18:21 | 三米五(菜鸟) · wall_segment Stone Wall x11 |
| 18:43 | 哥刀一出血流成河 · wall_segment Stone Wall x15 |
| 18:43 | 哥刀一出血流成河 · wall_segment Stone Wall x1 |
| 19:06 | KYO · wall_segment Stone Wall x8 |
| 19:18 | KYO · first_building Monastery |
| 19:36 | 三米五(菜鸟) · wall_segment Stone Wall x18 |
| 19:38 | · first_market_buy 100 food |
| 19:57 | KYO · wall_segment Stone Wall x9 |
| 19:57 | 三米五(菜鸟) · first_building Monastery |
| 20:06 | · first_building Siege Workshop |
| 20:10 | 三米五(菜鸟) · wall_segment Stone Wall x12 |
| 20:23 | 三米五(菜鸟) · wall_segment Stone Wall x11 |
| 20:37 | 哥刀一出血流成河 · wall_segment Stone Wall x10 |
| 20:37 | 哥刀一出血流成河 · wall_segment Stone Wall x1 |
| 20:42 | · first_market_buy 100 wood |
| 21:15 | 三米五(菜鸟) · wall_segment Stone Wall x13 |
| 21:19 | KYO · wall_segment Stone Wall x8 |
| 21:20 | 哥刀一出血流成河 · age_up castle |
| 21:36 | 三米五(菜鸟) · wall_segment Stone Wall x13 |
| 21:57 | · first_building Archery Range |
| 22:09 | KYO · wall_segment Stone Wall x6 |
| 22:14 | · first_market_sell 100 wood |
| 22:35 | 三米五(菜鸟) · wall_segment Stone Wall x12 |
| 22:40 | KYO · wall_segment Stone Wall x11 |
| 22:46 | 三米五(菜鸟) · wall_segment Stone Wall x1 |
| 22:46 | · first_market_sell 100 food |
| 22:46 | KYO · wall_segment Stone Wall x11 |
| 22:47 | 三米五(菜鸟) · wall_segment Stone Wall x1 |
| 23:26 | 三米五(菜鸟) · wall_segment Stone Wall x12 |
| 23:29 | 三米五(菜鸟) · wall_segment Stone Wall x13 |
| 23:37 | · first_building Castle |
| 23:39 | 三米五(菜鸟) · wall_segment Stone Wall x10 |
| 23:47 | KYO · wall_segment Stone Wall x10 |
| 23:49 | · first_building Stable |
| 23:57 | · first_building Archery Range |
| 24:09 | 哥刀一出血流成河 · wall_segment Stone Wall x13 |
| 24:09 | 哥刀一出血流成河 · wall_segment Stone Wall x1 |
| 24:14 | 三米五(菜鸟) · wall_segment Stone Wall x12 |
| 25:01 | 三米五(菜鸟) · wall_segment Stone Wall x2 |
| 25:04 | KYO · wall_segment Stone Wall x10 |
| 25:06 | 三米五(菜鸟) · wall_segment Stone Wall x16 |
| 25:30 | 哥刀一出血流成河 · first_building Castle |
| 25:47 | KYO · wall_segment Stone Wall x10 |
| 25:49 | 三米五(菜鸟) · wall_segment Stone Wall x16 |
| 25:50 | · first_building Castle |
| 26:08 | · first_building Castle |
| 26:21 | · first_building Castle |
| 27:16 | 三米五(菜鸟) · wall_segment Stone Wall x14 |
| 27:19 | 三米五(菜鸟) · wall_segment Stone Wall x15 |
| 27:35 | KYO · wall_segment Stone Wall x10 |
| 27:58 | 三米五(菜鸟) · wall_segment Stone Wall x18 |
| 28:34 | KYO · wall_segment Stone Wall x10 |
| 29:10 | 哥刀一出血流成河 · wall_segment Stone Wall x14 |
| 29:10 | 哥刀一出血流成河 · wall_segment Stone Wall x1 |
| 29:19 | 哥刀一出血流成河 · first_building Monastery |
| 29:23 | eots.one · first_building Castle |
| 29:30 | 三米五(菜鸟) · wall_segment Stone Wall x20 |
| 29:39 | 三米五(菜鸟) · wall_segment Stone Wall x15 |
| 29:42 | 三米五(菜鸟) · wall_segment Stone Wall x16 |
| 29:53 | 三米五(菜鸟) · first_building Siege Workshop |
| 29:56 | KYO · wall_segment Stone Wall x13 |
| 30:05 | KYO · first_building Siege Workshop |
| 30:39 | 哥刀一出血流成河 · wall_segment Stone Wall x13 |
| 30:39 | 哥刀一出血流成河 · wall_segment Stone Wall x1 |
| 30:54 | KYO · first_building Castle |
| 30:56 | 三米五(菜鸟) · age_up imperial |
| 31:01 | 三米五(菜鸟) · wall_segment Stone Wall x20 |
| 31:05 | 哥刀一出血流成河 · first_building Barracks |
| 31:11 | KYO · wall_segment Stone Wall x12 |
| 31:35 | 三米五(菜鸟) · first_building Castle |
| 32:09 | KYO · age_up imperial |
| 32:21 | 哥刀一出血流成河 · first_building Archery Range |
| 32:34 | KYO · first_building Barracks |
| 33:00 | KYO · wall_segment Stone Wall x13 |
| 33:05 | 三米五(菜鸟) · wall_segment Stone Wall x20 |
| 33:18 | 三米五(菜鸟) · first_building Barracks |
| 33:20 | KYO · first_building Stable |
| 33:21 | eots.one · first_building Stable |
| 33:36 | 哥刀一出血流成河 · wall_segment Stone Wall x13 |
| 33:36 | 哥刀一出血流成河 · wall_segment Stone Wall x1 |
| 34:07 | 哥刀一出血流成河 · age_up imperial |
| 34:11 | 三米五(菜鸟) · wall_segment Stone Wall x19 |
| 34:32 | 三米五(菜鸟) · wall_segment Stone Wall x7 |
| 35:46 | 三米五(菜鸟) · wall_segment Stone Wall x20 |
| 36:15 | 哥刀一出血流成河 · first_building Siege Workshop |
| 36:16 | 三米五(菜鸟) · first_building Stable |
| 36:33 | eots.one · age_up imperial |
| 37:00 | 三米五(菜鸟) · wall_segment Stone Wall x9 |
| 37:25 | 三米五(菜鸟) · wall_segment Stone Wall x20 |
| 37:41 | 三米五(菜鸟) · first_market_buy 500 wood |
| 37:42 | · first_market_buy 100 stone |
| 37:46 | 三米五(菜鸟) · first_market_sell 500 food |
| 38:42 | KYO · first_building Archery Range |
| 39:06 | · first_market_buy 100 stone |
| 39:30 | 哥刀一出血流成河 · wall_segment Stone Wall x11 |
| 39:31 | 哥刀一出血流成河 · wall_segment Stone Wall x3 |
| 39:34 | 三米五(菜鸟) · wall_segment Stone Wall x22 |
| 39:39 | 哥刀一出血流成河 · wall_segment Stone Wall x10 |
| 39:40 | 哥刀一出血流成河 · wall_segment Stone Wall x1 |
| 40:51 | 三米五(菜鸟) · wall_segment Stone Wall x4 |
| 42:36 | 三米五(菜鸟) · wall_segment Stone Wall x7 |
| 43:23 | 三米五(菜鸟) · wall_segment Stone Wall x6 |
| 44:48 | 三米五(菜鸟) · wall_segment Stone Wall x1 |
| 50:04 | 三米五(菜鸟) · wall_segment Stone Wall x4 |
| 50:31 | 三米五(菜鸟) · wall_segment Stone Wall x9 |
| 50:47 | 三米五(菜鸟) · wall_segment Stone Wall x4 |
| 51:21 | 三米五(菜鸟) · wall_segment Stone Wall x6 |
| 51:44 | 三米五(菜鸟) · wall_segment Stone Wall x13 |
| 52:45 | 哥刀一出血流成河 · first_building Stable |
| 52:51 | 三米五(菜鸟) · wall_segment Stone Wall x4 |
| 54:44 | 三米五(菜鸟) · wall_segment Stone Wall x15 |
| 57:40 | 三米五(菜鸟) · wall_segment Stone Wall x6 |
| 58:25 | 三米五(菜鸟) · wall_segment Stone Wall x9 |
| 59:14 | 三米五(菜鸟) · wall_segment Stone Wall x8 |
| 60:04 | 三米五(菜鸟) · wall_segment Stone Wall x9 |
| 62:13 | 三米五(菜鸟) · wall_segment Stone Wall x6 |
| 62:30 | 三米五(菜鸟) · wall_segment Stone Wall x6 |
| 63:40 | 三米五(菜鸟) · wall_segment Stone Wall x6 |
| 63:50 | 三米五(菜鸟) · wall_segment Stone Wall x5 |
| 65:19 | 三米五(菜鸟) · wall_segment Stone Wall x6 |
| 70:44 | 三米五(菜鸟) · wall_segment Stone Wall x3 |
| 71:46 | 三米五(菜鸟) · wall_segment Stone Wall x2 |
| 72:16 | 三米五(菜鸟) · wall_segment Stone Wall x25 |
| 84:59 | eots.one · first_building Siege Workshop |
| 91:57 | 哥刀一出血流成河 · first_market_buy 500 stone |
| 111:39 | · resign |
[ AI ANALYSIS · 1 CREDIT ]
What really happened in this match?
Wolo.gg analyzes every decision: build order, eco, micro, common mistakes by bracket. Personalized analysis on WhatsApp or Discord in 30 seconds.
Civ guide
Dravidians
Perfil
Jugador #11601416